cohdb
Replays
Latest Replays
All Replays
Popular Replays
Top Player Replays
Match Explorer
How It Works
Community
CoH3 Stats
Reddit
Sign in to upload your games and track your stats! →
Sign in with Steam
Match 42532347
Unlisted
Match 42532347
Overview
Messages
Build Orders
End
Kradschützen Motorcycle Team
Panzergrenadier Squad
250 Light Carrier
Construct Light Support Kompanie
Assault Grenadier Squad
Selects Panzerjäger Kommand Battlegroup
2.5-tonne Medical Truck
Forward Retreat Point
Construct Mechanized Kompanie
Selects Tank Busters
Panzerjäger Mechanized Group
Selects Crew Shock Tactics
MG34 Team
254 Reconnaissance Tractor
Veteran Squad Leaders
~TAB~ THUND3RCHUNKY
iceday
[EL] Brother Captain Specmarine
Mr.Brightside
0
0
Comments
sign in to comment!
No comments posted yet!